Map: New Gettysburg LE

Players

Boris - Winner!

  • Race: Zerg Zerg
  • League: Grandmaster

NORTHAMERICA

  • Race: Protoss Protoss
  • League: Grandmaster

VOD

Have the link to the VOD?

Description

Time

  • Played on: Nov. 3, 2016, 1:08 a.m.
  • Length: 11:13
Show
View Real Time Build Order
Export as new Build Order

Boris Zerg - Winner!

Build Orders: Hatch First, Muta Ling Bane 

Get SALT Encoding   

  12  0:01  Drone  
  13  0:08  Drone  
  14  0:18  Overlord  
  14  0:36  Drone x3  
  17  0:53  Hatchery  
  16  0:57  Drone  
  16  0:59  Drone  
  18  1:14  Spawning Pool  
  18  1:16  Extractor  
  18  1:18  Drone  
  17  1:21  Drone  
  18  1:30  Drone  
  19  1:40  Overlord  
  19  2:00  Queen  
  21  2:01  Zergling x2  
  21  2:02  Zergling x2  
  23  2:08  Queen  
  23  2:09  Drone  
  26  2:17  Drone x2  
  26  2:22  Metabolic Boost  
  28  2:24  Drone  
  28  2:28  Drone  
  30  2:35  Drone  
  31  2:40  Drone  
  32  2:46  Hatchery  
  32  2:50  Drone  
  32  2:52  Drone  
  32  2:57  Pneumatized Carapace  
  33  3:01  Drone x2  
  35  3:06  Drone  
  35  3:11  Overlord  
  36  3:13  Overlord  
  36  3:21  Evolution Chamber  
  36  3:22  Drone  
  36  3:29  Drone x5  
  36  3:34  Zergling x4  
  42  3:40  Drone x2  
  42  3:41  Drone  
  46  3:47  Baneling Nest  
  45  3:50  Zerg Melee Weapons Level 1  
  45  3:51  Drone  
  45  3:52  Drone  
  45  3:53  Extractor  
  46  4:03  Drone x2  
  46  4:05  Overlord  
  46  4:06  Zergling x2  
  46  4:07  Zergling x4  
  51  4:11  Spore Crawler  
  51  4:12  Zergling x4  
  52  4:22  Drone x3  
  52  4:23  Roach Warren, Drone  
  55  4:34  Drone x3  
  55  4:35  Queen  
  60  4:41  Spore Crawler  
  60  4:44  Drone  
  60  4:45  Drone  
  60  4:46  Drone x2  
  60  4:49  Spore Crawler  
  60  4:50  Zergling x6  
  65  4:55  Lair  
  65  4:58  Overlord  
  65  5:10  Overlord  
  65  5:12  Overlord  
  65  5:22  Roach  
  65  5:23  Roach x3  
  65  5:24  Overlord x2  
  73  5:35  Roach x4  
  81  5:41  Drone x4  
  85  5:43  Overlord  
  84  5:56  Drone x5  
  84  5:57  Drone x4  
  90  5:58  Extractor  
  90  6:00  Extractor, Spire  
  86  6:04  Baneling  
  86  6:05  Baneling x3  
  86  6:07  Drone  
  86  6:08  Drone x3  
  86  6:09  Zergling x8  
  94  6:28  Queen  
  90  6:42  Drone x2  
  90  6:43  Zerg Melee Weapons Level 2, Drone x2  
  90  6:45  Drone x3  
  90  6:46  Extractor  
  96  6:47  Extractor  
  95  6:54  Overlord  
  95  6:55  Overlord  
  95  6:57  Hatchery  
  95  6:58  Zergling x8  
  95  6:59  Zergling x8  
  103  7:08  Hatchery  
  103  7:11  Ravager  
  103  7:12  Overseer, Ravager x3  
  106  7:18  Zerg Flyer Weapons Level 1  
  106  7:20  Zergling x2  
  106  7:21  Zergling x18  
  116  7:26  Drone  
  116  7:28  Overseer  
  117  7:31  Overlord  
  117  7:35  Zergling x2  
  118  7:41  Mutalisk x2  
  102  8:09  Corruptor x5  
  102  8:11  Glial Reconstitution  
  102  8:12  Roach  
  114  8:13  Zergling x2, Roach  
  114  8:14  Zergling x22  
  114  8:19  Zergling x4  
  128  8:21  Queen, Drone  
  131  8:30  Zergling x6  
  131  8:33  Overlord  
  131  8:34  Overlord  
  134  8:38  Spore Crawler  
  134  8:40  Spore Crawler  
  132  8:42  Zergling x2  
  132  8:43  Zergling x4  
  132  8:44  Centrifical Hooks  
  132  8:47  Spore Crawler  
  134  8:53  Overlord  
  132  9:00  Overseer  
  132  9:02  Corruptor  
  130  9:05  Baneling x8  
  130  9:06  Baneling x2  
  130  9:08  Overlord  
  130  9:09  Zergling x2  
  133  9:10  Zergling x20  
  134  9:22  Zergling x2  
  134  9:23  Zergling x2  
  100  9:38  Roach  
  100  9:39  Roach x8  
  100  9:43  Infestation Pit  
  100  9:44  Drone x3  
  100  9:45  Drone x3  
  117  9:46  Roach x2  
  117  9:47  Extractor, Roach x2  
  124  9:54  Corruptor  
  124  9:57  Roach  
  124  9:58  Roach x2  
  132  10:03  Drone  
  132  10:04  Drone x2  
  132  10:06  Spine Crawler  
  134  10:11  Baneling  
  134  10:12  Baneling x17  
  134  10:14  Zergling x4  
  134  10:15  Zergling x10  
  134  10:16  Zergling x4  
  134  10:18  Overseer  
  141  10:26  Zergling x2  
  141  10:27  Zergling x14  
  149  10:31  Baneling x4  
  149  10:33  Zergling x4  
  151  10:44  Zergling x12  
  151  10:47  Zergling x2  
  151  10:48  Overlord, Zergling x2  
  151  10:49  Overlord  
  159  10:52  Overlord  
Show
View Real Time Build Order
Export as new Build Order

NORTHAMERICA Protoss 

Build Orders: 1 Gate Expand, Zealot Archon, Dark Templar Rush 

Get SALT Encoding   

  12  0:01  Probe (Chrono Boost)  
  13  0:12  Probe (Chrono Boost)  
  14  0:19  Pylon  
  14  0:22  Probe (Chrono Boost)  
  15  0:37  Probe (Chrono Boost)  
  15  0:40  Gateway  
  16  0:47  Probe (Chrono Boost)  
  17  0:54  Assimilator  
  17  0:58  Probe (Chrono Boost)  
  18  1:08  Probe (Chrono Boost)  
  19  1:23  Nexus  
  19  1:33  Cybernetics Core  
  19  1:38  Probe (Chrono Boost)  
  20  1:47  Pylon  
  20  1:51  Assimilator  
  20  1:53  Probe (Chrono Boost)  
  21  2:04  Probe (Chrono Boost)  
  22  2:12  Twilight Council  
  22  2:15  Probe (Chrono Boost)  
  23  2:19  Zealot  
  25  2:25  Probe (Chrono Boost)  
  25  2:29  Warp Gate  
  26  2:36  Probe (Chrono Boost)  
  27  2:43  Probe (Chrono Boost), Pylon  
  27  2:50  Stalker  
  29  2:53  Probe (Chrono Boost)  
  29  2:56  Probe (Chrono Boost)  
  31  3:04  Probe (Chrono Boost)  
  32  3:07  Probe (Chrono Boost)  
  33  3:16  Robotics Facility  
  33  3:17  Probe (Chrono Boost)  
  33  3:19  Probe (Chrono Boost)  
  35  3:27  Probe (Chrono Boost)  
  35  3:30  Probe (Chrono Boost)  
  37  3:38  Probe (Chrono Boost)  
  37  3:40  Probe (Chrono Boost)  
  39  3:43  Dark Shrine  
  40  3:48  Probe (Chrono Boost)  
  40  3:50  Assimilator  
  40  3:51  Probe (Chrono Boost)  
  40  3:52  Assimilator  
  41  3:59  Probe (Chrono Boost)  
  41  4:02  Probe (Chrono Boost)  
  43  4:09  Probe (Chrono Boost)  
  44  4:11  Gateway  
  44  4:12  Gateway  
  44  4:14  Gateway, Probe (Chrono Boost)  
  45  4:20  Probe (Chrono Boost), Warp Prism  
  48  4:25  Probe (Chrono Boost)  
  48  4:30  Probe (Chrono Boost)  
  50  4:33  Pylon  
  50  4:35  Probe (Chrono Boost)  
  51  4:42  Probe (Chrono Boost)  
  52  4:46  Probe (Chrono Boost)  
  52  4:48  Pylon  
  53  4:54  Probe (Chrono Boost), Pylon  
  53  4:56  Probe (Chrono Boost)  
  55  5:06  Probe (Chrono Boost)  
  56  5:09  Dark Templar x3  
  56  5:10  Dark Templar  
  56  5:11  Probe (Chrono Boost)  
  56  5:13  Observer  
  66  5:14  Archon x2  
  66  5:20  Mothership Core (Chrono Boost)  
  63  5:35  Gateway, Probe (Chrono Boost)  
  64  5:40  Adept  
  64  5:42  Adept x2  
  70  5:43  Resonating Glaives  
  70  5:55  Pylon  
  69  6:02  Pylon  
  69  6:06  Pylon  
  69  6:13  Probe (Chrono Boost)  
  70  6:22  Probe (Chrono Boost)  
  67  6:36  Probe (Chrono Boost)  
  67  6:39  Stargate x2  
  64  6:40  Pylon  
  64  6:56  Nexus  
  64  6:57  Probe (Chrono Boost)  
  64  6:58  Pylon  
  65  7:05  Pylon  
  65  7:07  Probe (Chrono Boost)  
  66  7:09  Dark Templar x4  
  66  7:10  Dark Templar  
  66  7:14  Archon x2  
  76  7:17  Probe (Chrono Boost)  
  76  7:19  Pylon  
  77  7:23  Pylon  
  77  7:25  Phoenix x2  
  81  7:46  Adept x4  
  81  7:47  Phoenix  
  87  8:09  Probe (Chrono Boost)  
  85  8:16  Probe (Chrono Boost)  
  85  8:17  Phoenix x2  
  85  8:18  Probe (Chrono Boost)  
  87  8:22  Probe (Chrono Boost)  
  92  8:32  Adept x2  
  92  8:33  Adept x2  
  99  8:37  Pylon  
  101  8:41  Probe (Chrono Boost)  
  101  8:42  Probe x2 (Chrono Boost)  
  102  8:49  Pylon  
  102  8:53  Probe (Chrono Boost)  
  102  8:54  Probe x2 (Chrono Boost)  
  102  8:55  Phoenix x2  
  109  9:04  Probe (Chrono Boost)  
  109  9:06  Probe (Chrono Boost)  
  109  9:07  Dark Templar x2  
  115  9:11  Archon  
  102  9:27  Adept x3  
  88  9:41  Immortal  
  88  9:43  Probe (Chrono Boost)  
  94  9:46  Probe (Chrono Boost)  
  94  9:47  Probe (Chrono Boost)  
  94  9:50  Assimilator  
  95  9:55  Probe (Chrono Boost), Forge, Assimilator  
  95  9:56  Gateway  
  95  9:57  Probe (Chrono Boost)  
  95  9:58  Probe (Chrono Boost), Gateway  
  98  10:08  Mothership Core (Chrono Boost)  
  98  10:10  Dark Templar  
  98  10:11  Dark Templar  
  98  10:12  Nexus  
  104  10:14  Pylon x2  
  104  10:15  Archon  
  104  10:20  Dark Templar  
  104  10:22  Dark Templar  
  104  10:28  Archon, Probe (Chrono Boost)  
  107  10:31  Pylon  
  107  10:33  Probe (Chrono Boost)  
  107  10:34  Photon Cannon  
  108  10:48  Stalker x3  
  117  10:50  Pylon  
  117  10:54  Stalker  
  117  10:55  Stalker  
  105  11:05  Stalker  
  105  11:06  Stalker  
Tags
 
Add a new tag
Caveats
  • Supply blocks, unpowered buildings, or Contaminate may cause inaccurate times.
  • Supply counts are checked every 10 seconds.